 Dungeon Crawl Stone Soup version 0.26-a0-1107-g6118521029 (webtiles) character file.

Game seed: 9278400909035286185

291 tilp the Changer (level 6, 0/39 HPs)
             Began as an Octopode Transmuter on Dec 16, 2020.
             Slain by a bullfrog (7 damage)
             ... in a sewer.
             The game lasted 00:10:59 (3776 turns).

tilp the Changer (Octopode Transmuter)              Turns: 3776, Time: 00:10:59

Health: 0/39       AC:  1    Str:  7 (10) XL:     6   Next: 32%
Magic:  9/11       EV: 13    Int: 15 (17) God:
Gold:   123        SH:  0    Dex: 10 (12) Spells: 5/11 levels left

rFire    . . .     SeeInvis .     - Unarmed
rCold    . . .     Faith    .   (no shield)
rNeg     . . .     Spirit   .   (helmet currently unavailable)
rPois    .         Reflect  .   (no amulet)
rElec    .         Harm     .   (no ring)
rCorr    .         Rampage  .   (no ring)
Will     .....                  (no ring)
Stlth    ++++......             (no ring)
HPRegen  0.13/turn              (no ring)
MPRegen  0.12/turn              (no ring)
                                (no ring)
                                (no ring)

@: appendages, wereblooded
A: almost no armour, stealthy swim, amphibious, 8 rings, constrict 8, tentacle
spike 3, camouflage 1, gelatinous body 1
a: End Transformation


You were in a sewer.
One of your tentacles had a temporary spike.
You visited 1 branch of the dungeon, and saw 5 of its levels.
You also visited: Sewer.

You collected 123 gold pieces.

Inventory:

Missiles
 c - 95 stones (quivered)
Armour
 l - a +2 hat (melded)
Jewellery
 e - an uncursed ring of willpower {unknown}
Scrolls
 a - a scroll of blinking
 f - 2 scrolls of fog {unknown}
 h - 3 scrolls of teleportation
 m - a scroll of magic mapping {unknown}
Potions
 b - a potion of heal wounds
 d - a potion of cancellation
 g - 2 potions of might
 i - a potion of attraction
 j - a potion of invisibility
 k - a potion of magic {unknown}


   Skills:
 - Level 2.0 Fighting
 - Level 2.0 Dodging
 - Level 2.0 Stealth
 - Level 3.0 Unarmed Combat
 + Level 3.4 Spellcasting
 + Level 5.1 Transmutations


You had 5 spell levels left.
You knew the following spells:

 Your Spells              Type           Power        Failure   Level
a - Beastly Appendage     Tmut           ###...       2%          1
b - Wereblood             Tmut           ###.....     3%          2
c - Spider Form           Tmut/Pois      ##........   21%         3

Your spell library contained the following spells:

 Spells                   Type           Power        Failure   Level
 Blade Hands              Tmut           ###.......   54%         5
 Ice Form                 Ice/Tmut       ##......     56%         4


Dungeon Overview and Level Annotations

Branches:
Dungeon (5/15)              Sewer (1/1)
 Temple: D:4-7

Altars:
Okawaru

Annotations:
D:2 unexplored (!), Sigmund, Terence
D:3 1 runed translucent door, Crazy Yiuf


Innate Abilities, Weirdness & Mutations

You cannot wear most types of armour.
You are very stealthy in the water. (Stealth+)
You are amphibious.
You can wear up to eight rings at the same time.
You can use your tentacles to constrict eight enemies at once.
Your skin changes colour to match your surroundings (Stealth+).
Your rubbery body absorbs attacks. (AC +1, EV +1)
One of your tentacles bears a large vicious spike.


Message History

You pierce the ball python.
You kill the ball python!
The ball python misses you. The ball python grabs you.
The ball python constricts you.
You tentacle-slap the ball python. Your grab misses the ball python.
Your tentacle spike misses the ball python.
The ball python is severely wounded.
The ball python bites you. The ball python constricts you.
The bullfrog hits you! The ball python loses its grip on you.
You closely miss the bullfrog. Your grab misses the bullfrog.
The bullfrog hits you! The ball python misses you.
The ball python closely misses you. The ball python bites you.
The ball python grabs you. The ball python constricts you.
The ball python bites you. The bullfrog hits you!
* * * LOW HITPOINT WARNING * * *
Unknown command.
You escape the ball python's grasp.
The ball python misses you. x2
The bullfrog misses you. The bullfrog hits you!
You die...

####################
..≈≈≈≈≈≈≈≈≈≈≈≈≈≈≈..###
S.≈≈≈≈≈≈..≈≈≈≈≈≈≈....##
..≈≈≈≈≈#≈≈#≈≈≈≈≈≈.....#
S.≈≈≈≈≈≈≈≈≈≈≈≈≈≈≈.....#
..≈≈≈≈≈≈†≈S≈S≈≈≈≈.....##
.#≈≈≈≈≈S≈≈SF@≈≈≈≈#.....#
##################....#
####...## #..#....#
#..'....# #####...# ##...##
####################.†..#
###.#≈≈≈≈≈≈≈≈≈#≈≈≈≈≈...†..#


You could see a bullfrog and 4 ball pythons.

Vanquished Creatures
  An orc priest (D:5)
  Jessica (D:3)
  A worker ant (D:4)
  A hound skeleton (D:5)
  7 adders
  2 river rats (Sewer)
  An ooze (D:3)
  2 worms (D:4)
  A dart slug (D:1)
  A leopard gecko (D:3)
  8 orcs
  4 bats
  2 giant cockroaches
  7 goblins (D:1)
  7 hobgoblins
  8 jackals
  3 quokkas
  12 ball pythons
  8 frilled lizards
  A leopard gecko zombie (D:5)
  32 rats
110 creatures vanquished.

Notes
Turn   | Place    | Note
-------+----------+-------------------------------------------
     0 | D:1      | tilp the Octopode Transmuter began the quest for the Orb.
     0 | D:1      | Reached XP level 1. HP: 13/13 MP: 3/3
   293 | D:1      | Reached XP level 2. HP: 16/18 MP: 3/5
   462 | D:1      | Reached skill level 3 in Transmutations
   469 | D:1      | Learned a level 2 spell: Wereblood
   717 | D:2      | Noticed Terence
   734 | D:2      | Reached XP level 3. HP: 23/23 MP: 4/6
   753 | D:2      | Noticed an orc warrior
   755 | D:2      | Noticed Sigmund
   869 | D:3      | Noticed Jessica
   877 | D:3      | Killed Jessica
   878 | D:3      | Reached skill level 4 in Transmutations
   924 | D:3      | Reached XP level 4. HP: 28/28 MP: 5/7
   950 | D:3      | Reached skill level 1 in Stealth
  2309 | D:3      | Found a runed translucent door.
  2310 | D:3      | Noticed Crazy Yiuf
  2571 | D:4      | Reached XP level 5. HP: 34/34 MP: 6/8
  2623 | D:4      | You fall into a shaft and drop 1 floor!
  2623 | D:5      | Entered Level 5 of the Dungeon
  2824 | D:4      | Found an iron altar of Okawaru.
  3057 | D:4      | Found a glowing drain.
  3061 | Sewer    | Entered a sewer
  3135 | Sewer    | Reached XP level 6. HP: 37/39 MP: 8/10
  3420 | Sewer    | Learned a level 3 spell: Spider Form
  3468 | Sewer    | Reached skill level 5 in Transmutations
  3776 | Sewer    | Slain by a bullfrog

Illustrated notes

Levels and vault maps discovered:
D:1:      doesnt_arrival_eight_statues, layout_basic, lemuel_another_geyser
D:2:      layout_loops_ring, uniq_sigmund, uniq_terence
D:3:      layout_basic, serial_rivers, chequers_serial_rivers_marsh,
          chequers_serial_rivers_large_b, chequers_serial_rivers_small_b,
          chequers_serial_rivers_micro_e, chequers_decorated_corner,
          minmay_crystal_room, uniq_jessica, uniq_crazy_yiuf_cottage
D:4:      layout_basic, serial_rivers, chequers_serial_rivers_micro_a,
          chequers_serial_rivers_small_b, chequers_serial_rivers_small_a,
          chequers_serial_rivers_small_a, gup_sewer_entry_bowl,
          okawaru_gym_becter, uniq_natasha
D:5:      layout_loops_ring, nicolae_tso_carved_into_rock,
          ebering_ghost_sewer_f, cheibrodos_ashenzari_chains
Sewer:    sewer_minmay_w

Skill      XL: |  1  2  3  4  5  6 |
---------------+-------------------+-----
Transmutations | 3 4 5 |  5.1
Stealth        | 2 |  2.0
Fighting       | 2 |  2.0
Spellcasting   | 3 |  3.4
Dodging        | |  2.0
Unarmed Combat | |  3.0

Action                   |  1- 3 |  4- 6 || total
-------------------------+-------+-------++-------
Melee: Unarmed           |    47 |   185 ||   232
       Constrict         |    14 |    50 ||    64
       Kick              |    11 |    43 ||    54
       Tentacles         |     9 |    22 ||    31
       Punch             |       |     2 ||     2
Throw: Stone             |       |    10 ||    10
 Cast: Beastly Appendage |    15 |    26 ||    41
       Wereblood         |     1 |    10 ||    11
  Use: Scroll            |     1 |     7 ||     8
       Potion            |       |     3 ||     3
 Stab: Sleeping          |     2 |     8 ||    10
Armor: Skin              |     6 |     6 ||    12
Dodge: Dodged            |    16 |   106 ||   122

Table legend: (Time is in decaauts)
 A = Elapsed time spent in this place.
 B = Non-inter-level travel time spent in this place.
 C = Inter-level travel time spent in this place.
 D = Time resting spent in this place.
 E = Time spent auto-exploring this place.
 F = Levels seen in this place.
 G = Mean time per level.
                   A        B        C        D        E       F      G
               +--------+--------+--------+--------+--------+-----+--------+
         Total |   3766 |   3528 |    238 |    772 |   1851 |   6 |  627.7 |
       Dungeon |   3055 |   2817 |    238 |    434 |   1635 |   5 |  611.0 |
         Sewer |    710 |    710 |      0 |    338 |    216 |   1 |  710.0 |
               +--------+--------+--------+--------+--------+-----+--------+

Top non-repeatable levels by time:
     D:3: 1636 daAuts
   Sewer: 710 daAuts
     D:1: 667 daAuts
     D:4: 389 daAuts
     D:2: 220 daAuts
     D:5: 142 daAuts
